 Dungeon Crawl Stone Soup version 0.20-a0-864-g92acfd1 (console) character file.

1057 itsmu the Bolt Thrower (level 8, -1/54 HPs)
             Began as a Barachi Arcane Marksman on Mar 12, 2017.
             Was an Initiate of Okawaru.
             Slain by a wight
             ... wielding a cursed +3 long sword of freezing
              (6 damage)
             ... on level 5 of the Dungeon.
             The game lasted 00:15:03 (5925 turns).

itsmu the Bolt Thrower (Barachi Arcane Marksman)    Turns: 5925, Time: 00:15:04

Health: -1/54      AC:  3    Str: 11    XL:     8   Next: 26%
Magic:  9/9        EV: 12    Int: 16    God:    Okawaru [......]
Gold:   165        SH:  0    Dex: 13    Spells: 3/9 levels left

rFire    . . .     SeeInvis .   a - +1 hand crossbow
rCold    . . .     Gourm    .   e - +0 robe
rNeg     . . .     Faith    .   (no shield)
rPois    .         Spirit   .   (no helmet)
rElec    .         Reflect  .   (no cloak)
rCorr    .         Harm     .   z - +0 pair of gloves
MR       .....                  (no boots)
Stlth    +.........             (no amulet)
Regen    0.2/turn               (no ring)
MPRegen  0.2/turn               (no ring)

@: can't hop, heavily drained, slow
A: +LOS, swims, slowness 1, strong legs 1
a: Hop, Renounce Religion


You were on level 5 of the Dungeon.
You worshipped Okawaru.
Okawaru was noncommittal.
You were hungry.

You visited 2 branches of the dungeon, and saw 7 of its levels.

You collected 165 gold pieces.

Inventory:

Hand Weapons
 a - a +1 hand crossbow (weapon)
 b - a +2 dagger of flaming
   (You took it off Ijyb on level 3 of the Dungeon)
Missiles
 d - 10 bolts (quivered)
 j - 4 javelins
Armour
 e - a +0 robe (worn)
 r - a cursed +0 ring mail
   (You found it on level 1 of the Dungeon)
 z - a +0 pair of gloves (worn)
   (You found it on level 4 of the Dungeon)
Jewellery
 s - an uncursed ring of wizardry {unknown}
   (You found it on level 3 of the Dungeon)
 B - an uncursed amulet of regeneration {unknown}
   (You found it on level 6 of the Dungeon)
Wands
 v - a wand of random effects (16/48)
   (You found it on level 4 of the Dungeon)
Scrolls
 m - 3 scrolls of enchant weapon
Potions
 g - 2 potions of flight
 h - a potion of agility
 i - a potion of might
 q - a potion of brilliance {unknown}
 x - a potion of degeneration {unknown}
 A - a potion of mutation {unknown}
Books
 c - a book of Debilitation

   Spells                             Type                      Level
   a - Corona                         Hexes                        1
   b - Slow                           Hexes                        2
   c - Inner Flame                    Hexes/Fire                   3
   d - Portal Projectile              Hexes/Translocation          3
   e - Cause Fear                     Hexes                        4
   f - Leda's Liquefaction            Hexes/Earth                  4
Comestibles
 f - 2 bread rations
 l - 3 meat rations
 p - a royal jelly
 t - 2 fruits


   Skills:
 - Level 1.2(0.0) Fighting
 * Level 7.1(5.7) Crossbows
 - Level 2.1(1.0) Dodging
 - Level 1.1(0.0) Spellcasting
 + Level 6.3(4.9) Hexes
 + Level 4.3(3.0) Translocations


You had 3 spell levels left.
You knew the following spells:

 Your Spells              Type           Power        Failure   Level  Hunger
a - Corona                Hex            ###....      4%          1    ##.....
b - Slow                  Hex            ###.....     8%          2    ###....
c - Portal Projectile     Hex/Tloc       ##....       14%         3    ####...


Dungeon Overview and Level Annotations

Branches:
Dungeon (6/15)             Temple (1/1) D:5

Altars:
Ashenzari
Cheibriados
Dithmenos
Elyvilon
Fedhas
Gozag
Kikubaaqudgha
Nemelex Xobeh
Okawaru
Ru
Sif Muna
Uskayaw
Vehumet
Xom
Yredelemnul
Zin
The Shining One


Innate Abilities, Weirdness & Mutations

Shadows flee at your approach. (+LOS)
You can swim through water.
You cover ground slowly.
You can hop short distances.


Message History

As you read the scroll labeled YSIOZE TAQ YTZ, it crumbles to dust.
You feel blessed for a moment.
It was a scroll of remove curse.
The wight hits you with a long sword of freezing.
* * * LOW HITPOINT WARNING * * *
The wight freezes you.
* * * LOW HITPOINT WARNING * * *
The wight closely misses you. The wight hits you with a flail!
* * * LOW HITPOINT WARNING * * *
You feel drained.
You feel better. The wight closely misses you.
The wight hits you with a long sword!
* * * LOW HITPOINT WARNING * * *
You feel drained.
* * * LOW HITPOINT WARNING * * *
The wight misses you.
As you read the scroll labeled EKINEU VEIRE, it crumbles to dust.
You hear a loud clanging noise!
It was a scroll of noise.
The wight hits you with a long sword of freezing.
You die...

##.#.....###....... #..#
...'...........). #..#
##.#.....###.#.#### #..#
...........((.(.(>####..####
##.#####.###.#.##.##.......#
.#.# #.# #.#..........####
.#######.###.#.##.##.#..####
.....[.........(zz.........#
...........#...zM.##.#..####
≈≈≈≈.......#.#.#####.#..#
≈≈≈≈≈≈.....#.#.# #.#..#
≈≈≈≈≈≈≈≈...#.#.# #.#..#
...≈≈≈≈≈≈..#.#.#####.#..#
.>.≈≈≈≈≈≈............#..#
...≈≈≈≈≈≈..###)#######[.#
≈≈≈≈≈≈≈≈≈..###.#### ##.#
≈≈≈≈≈≈≈≈..........#####.#


You could see 3 wights.

Vanquished Creatures
  2 phantoms
  An ogre (D:4)
  A howler monkey (D:5)
  6 crimson imps
  A centaur zombie (D:5)
  A quasit (D:4)
  A hound (D:5)
  3 bullfrog skeletons
  An iguana (D:4)
  Ijyb (D:3)
  4 worker ants
  A hound skeleton (D:5)
  7 adders
  3 gnolls (D:2)
  2 adder zombies
  5 worms
  An adder skeleton (D:5)
  2 dart slugs
  5 leopard geckos
  8 orcs
  7 bats
  6 giant cockroaches
  9 hobgoblins
  A jackal (D:1)
  5 quokkas
  A ball python (D:3)
  5 frilled lizards
  8 goblins
  A jackal skeleton (D:4)
  A jackal zombie (D:3)
  3 kobolds
  A quokka skeleton (D:4)
  6 rats
110 creatures vanquished.

Notes
Turn   | Place    | Note
-------+----------+-------------------------------------------
     0 | D:1      | itsmu the Barachi Arcane Marksman began the quest for the Orb.
     0 | D:1      | Reached XP level 1. HP: 15/15 MP: 2/2
   150 | D:1      | Reached XP level 2. HP: 21/21 MP: 3/3
   467 | D:1      | Learned a level 2 spell: Slow
   792 | D:2      | Reached XP level 3. HP: 25/26 MP: 4/4
   804 | D:2      | Reached skill level 3 in Crossbows
  1178 | D:2      | Reached XP level 4. HP: 26/32 MP: 5/5
  1382 | D:2      | Reached skill level 4 in Crossbows
  1426 | D:2      | Found a shattered altar of Ashenzari.
  1531 | D:2      | Reached XP level 5. HP: 37/37 MP: 6/6
  1937 | D:3      | Learned a level 3 spell: Portal Projectile
  1963 | D:3      | Noticed Ijyb
  2272 | D:3      | Killed Ijyb
  2272 | D:3      | Reached skill level 1 in Translocations
  2351 | D:3      | Found a hide-covered altar of Uskayaw.
  2702 | D:3      | Found a shimmering altar of Xom.
  2731 | D:3      | Reached XP level 6. HP: 30/43 MP: 7/7
  2745 | D:3      | Reached skill level 5 in Crossbows
  3191 | D:4      | no shit.
  3492 | D:4      | Reached skill level 5 in Hexes
  3676 | D:4      | Reached XP level 7. HP: 48/48 MP: 0/8
  4010 | D:4      | Found a sacrificial altar of Ru.
  4232 | D:5      | Entered Level 5 of the Dungeon
  4274 | D:5      | Found a staircase to the Ecumenical Temple.
  4289 | Temple   | Entered the Ecumenical Temple
  4360 | Temple   | Became a worshipper of Warmaster Okawaru
  4450 | D:5      | Reached skill level 6 in Crossbows
  5049 | D:5      | Reached XP level 8. HP: 38/54 MP: 4/9
  5682 | D:6      | Reached skill level 7 in Crossbows
  5737 | D:5      | wat
  5916 | D:5      | really
  5925 | D:5      | Slain by a wight

Vault maps used:
D:1:      minmay_arrival_split_and_join, st_stairs_13
D:2:      ashenzari_altar_1
D:3:      led_xom_imps, overflow_temple_1_default, minmay_misc_feat_square,
          uniq_iyjb
D:4:      nicolae_ru_path_of_blood, first_bread
D:5:      temple_pool_b, kennysheep_generic_room_12
D:6:      old_standard_altar, marbit_many_paths, uniq_duvessa
Temple:   nicolae_temple_elliptical

Skill      XL: |  1  2  3  4  5  6  7  8 |
---------------+-------------------------+-----
Hexes          | 4 5 6 |  6.3
Crossbows      | 3 4 5 6 7 |  7.1
Translocations | 1 2 3 4 |  4.3
Fighting       | |  1.2
Dodging        | |  2.1
Spellcasting   | |  1.1

Action                   |  1- 3 |  4- 6 |  7- 9 || total
-------------------------+-------+-------+-------++-------
Melee: Dagger            |       |    22 |   161 ||   183
 Fire: Hand crossbow     |    96 |   157 |    85 ||   338
Throw: Javelin           |       |    10 |    11 ||    21
 Cast: Portal Projectile |       |     5 |     5 ||    10
       Slow              |       |     1 |     4 ||     5
 Abil: Hop               |       |     2 |     4 ||     6
  Use: Potion            |       |       |     9 ||     9
       Scroll            |       |       |     7 ||     7
  Eat: Chunk             |     1 |     9 |     9 ||    19
Armor: Robe              |     6 |    15 |    39 ||    60
Dodge: Dodged            |    24 |    71 |   134 ||   229
